 Dungeon Crawl Stone Soup version 0.30.1-11-g7821555f0a (webtiles) character file.

Game seed: 18083151440402086569

305 KittyFluff the Cudgeller (level 6, -11/57 HPs)
             Began as a Gargoyle Berserker on Nov 7, 2023.
             Was a Believer of Trog.
             Killed by divine providence
             ... invoked by an orc priest
              (14 damage)
             ... on level 3 of the Dungeon.
             The game lasted 00:05:22 (1474 turns).

KittyFluff the Cudgeller (Gargoyle Berserker)       Turns: 1474, Time: 00:05:23

Health: -11/57     AC: 10    Str: 29    XL:     6   Next: 39%
Magic:  6/6        EV: 12    Int:  7    God:    Trog [**....]
Gold:   151        SH:  0    Dex:  9    Spells: 5/5 levels left

rFire   . . .        a - +0 mace
rCold   . . .        (no shield)
rNeg    + . .        b - +0 animal skin
rPois   ∞            (no helmet)
rElec   +            m - +2 cloak
rCorr   .            (no gloves)
SInv    .            (no boots)
Will    .....        (no amulet) Stlth
                     d - +6 ring of strength
HPRegen 0.29/turn    (no ring)
MPRegen 0.10/turn

%: no passive effects
@: berserking (expiring), very quick
A: sickness immunity, AC +4, negative energy resistance 1, electricity
resistance, torment resistance 1, petrification resistance
a: Renounce Religion, Berserk, Trog's Hand


You were on level 3 of the Dungeon.
You worshipped Trog.
Trog was pleased with you.
You visited 1 branch of the dungeon, and saw 3 of its levels.

You collected 151 gold pieces.

Inventory:

Hand Weapons
 a - a +0 mace (weapon)
 l - a +3 quarterstaff of chaos
Armour
 b - a +0 animal skin (worn)
 m - a +2 cloak (worn)
Jewellery
 d - a +6 ring of strength (left hand)
 t - a +6 ring of intelligence
Scrolls
 c - 2 scrolls of silence {unknown}
 e - a scroll of torment {unknown}
 f - 2 scrolls of teleportation {unknown}
 g - 2 scrolls of summoning {unknown}
 i - a scroll of enchant weapon {unknown}
 k - 2 scrolls of identify {unknown}
 n - a scroll of enchant armour {unknown}
 o - a scroll of vulnerability {unknown}
 p - a scroll of amnesia {unknown}
 q - a scroll of fear {unknown}
 r - a scroll of immolation {unknown}
 s - a scroll of magic mapping {unknown}
Potions
 h - 2 potions of curing {unknown}
 j - a potion of flight {unknown}


   Skills:
 + Level 4.2 Fighting
 * Level 4.7 Maces & Flails
 * Level 4.4 Armour
 + Level 2.6 Dodging


You had 5 spell levels left.
You didn't know any spells.
Your spell library was empty.

Dungeon Overview and Level Annotations

Branches:
Dungeon (3/15)

Altars:


Innate Abilities, Weirdness & Mutations

You are immune to sickness and miasma.
Your stone body is resilient. (AC +4)
You are immune to poison.
You resist negative energy. (rN+)
You are resistant to electric shocks. (rElec)
You are resistant to unholy torment.
You are immune to petrification.


Message History

The dart slug briefly extends its eye-stalks.
You completely miss something.
An orc wizard appears from thin air!
Reactivating autopickup.
The orc wizard hits you but does no damage.
You barely miss the orc wizard.
The orc wizard hits you with a +0 dagger.
* * * LOW HITPOINT WARNING * * *
You closely miss the orc wizard.
The orc wizard hits you but does no damage.
You sock the orc wizard!
The orc wizard is severely wounded.
You hit the orc wizard.
The orc wizard is almost dead.
The orc wizard hits you but does no damage.
You sock the orc wizard!
You kill the orc wizard!
Trog accepts your kill.
Trog appreciates your killing of a magic user.
The orc priest calls down the wrath of Beogh upon you.
Beogh smites you!
* * * LOW HITPOINT WARNING * * *
You completely miss the orc.
The orc is lightly wounded.
The orc hits you but does no damage.
You closely miss the orc.
The orc is lightly wounded.
The orc closely misses you.
You sock the orc!
You kill the orc!
Trog accepts your kill. The dart slug launches a dart at you.
The slug dart misses you. The orc barely misses you.
Items here: )) [[ ††.
You thump the orc!
You kill the orc!
Trog accepts your kill.
The orc priest calls down the wrath of Beogh upon you.
Beogh smites you!
You die...

..... .... ...#
#...# .# # #...##..
#.#####.......
#>..)@w.......
######o...###
#.........#
#.####...## #.#
##<## .. #.# #.#
###.## #.#
#.#####......
#.#####.##.........
#...........#


You could see an orc priest and a dart slug.

Vanquished Creatures
  Sigmund (D:2)
  Crazy Yiuf (D:2)
  2 orc wizards (D:3)
  2 adders (D:2)
  A worm (D:2)
  A dart slug (D:1)
  2 orcs (D:3)
  2 bats
  6 endoplasms
  2 goblins
  5 hobgoblins (D:1)
  3 kobolds
  3 quokkas (D:1)
  6 ball pythons
  3 frilled lizards
  4 rats (D:1)
  A spectral hobgoblin (D:1)
45 creatures vanquished.

Notes
Turn   | Place    | Note
-------+----------+-------------------------------------------
     0 | D:1      | KittyFluff the Gargoyle Berserker began the quest for the
                  | Orb.
     0 | D:1      | Reached XP level 1. HP: 14/14 MP: 1/1
    76 | D:1      | Reached XP level 2. HP: 19/19 MP: 2/2
   303 | D:1      | Found a faded altar of an unknown god.
   450 | D:1      | Reached XP level 3. HP: 23/23 MP: 3/3
   451 | D:1      | Reached ** piety under Trog
   766 | D:2      | Found a runed translucent door.
   767 | D:2      | Noticed Crazy Yiuf
   773 | D:2      | Killed Crazy Yiuf
   774 | D:2      | Reached XP level 4. HP: 29/29 MP: 4/4
   977 | D:2      | Noticed Sigmund
   990 | D:2      | Killed Sigmund
   991 | D:2      | Reached XP level 5. HP: 4/33 MP: 5/5
   991 | D:2      | Reached XP level 6. HP: 5/38 MP: 6/6
  1469 | D:3      | HP: 2/57 [orc priest/divine providence (14)]
  1474 | D:3      | Killed from afar by an orc priest

Illustrated notes

Levels and vault maps discovered:
D:1:      minmay_arrival_shattered_statue, layout_rooms,
          dreamdust_ecumenical_altar_drowned_temple
D:2:      layout_basic, uniq_sigmund, uniq_crazy_yiuf_cottage
D:3:      layout_loops_ring, cheibrodos_sewer_entry_sluice

Skill      XL: |  1  2  3  4 |
---------------+-------------+-----
Armour         | 3 4 |  4.4
Dodging        | 2 |  2.6
Fighting       | 4 |  4.2
Maces & Flails | 4 |  4.7

Action                     |  1- 3 |  4- 6 || total
---------------------------+-------+-------++-------
  Melee: Mace              |    75 |    63 ||   138
 Invoke: Berserk           |     1 |     2 ||     3
 Armour: Animal skin       |    32 |    26 ||    58
  Dodge: Dodged            |    59 |    31 ||    90
